 Dungeon Crawl Stone Soup version 0.22-a0-109-gbeb7240 (webtiles) character file.

372537 Firecrotchwizard the Phalangite (level 22, -4/188 HPs)
             Began as a Merfolk Skald on Jan 26, 2018.
             Was the Champion of Okawaru.
             Slain by a lich (10 damage)
             ... on level 4 of the Depths.
             The game lasted 02:47:07 (48195 turns).

Firecrotchwizard the Phalangite (Merfolk Skald)    Turns: 48195, Time: 02:47:08

Health: -4/188     AC: 31    Str: 14    XL:     22   Next: 70%
Magic:  27/28      EV: 22    Int: 26    God:    Okawaru [******]
Gold:   1612       SH: 11    Dex: 18    Spells: 12/25 levels left

rFire    + + .     SeeInvis .   x - +9 demon trident of Saltpetre {drain, MR+ Str+2 Int+4 Dex+2}
rCold    . . .     Gourm    .   T - +3 buckler
rNeg     . . .     Faith    .   S - +1 fire dragon scales
rPois    .         Spirit   .   m - +2 hat "Rochaif" {rC+ Regen+}
rElec    .         Reflect  +   R - +2 cloak {+Inv}
rCorr    .         Harm     .   M - +2 pair of gloves {Dex+3}
MR       ++...                  H - +2 pair of boots {Stlth+}
Stlth    ++++......             r - +3 amulet of reflection
HPRegen  0.81/turn              b - +3 ring of protection
MPRegen  0.21/turn              j - +4 ring of slaying

@: no status effects
A: change form in water, swift swim, stealthy swim, slimy green scales 1, blurry
vision 1
}: 2/15 runes: decaying, serpentine
a: Heroism, Finesse, Renounce Religion, Evoke Invisibility


You were on level 4 of the Depths.
You worshipped Okawaru.
Okawaru was exalted by your worship.
You were hungry.

You visited 8 branches of the dungeon, and saw 41 of its levels.
You visited 2 bazaars.
You also visited: Ice Cave.

You collected 4586 gold pieces.
You spent 2974 gold pieces at shops.

Inventory:

Hand Weapons
 x - the +9 demon trident of Saltpetre (weapon) {drain, MR+ Str+2 Int+4 Dex+2}
   (Okawaru gifted it to you on level 2 of the Lair of Beasts)

   A truly terrible weapon, it drains the life of those it strikes.
   It affects your strength (+2).
   It affects your intelligence (+4).
   It affects your dexterity (+2).
   It affects your resistance to hostile enchantments.
 F - a +3 demon trident of piercing
   (Okawaru gifted it to you on level 2 of the Swamp)
Armour
 m - the +2 hat "Rochaif" (worn) {rC+ Regen+}
   (You acquired it on level 3 of the Snake Pit)

   It protects you from cold.
   It increases your rate of regeneration.
 G - the +2 cloak of Hopscotch {rF+ Str+6 Int-5 Dex+4}
   (You bought it in a shop in a bazaar)

   It affects your strength (+6).
   It affects your intelligence (-5).
   It affects your dexterity (+4).
   It protects you from fire.
 H - a +2 pair of boots of stealth (worn)
   (Okawaru gifted it to you on level 3 of the Snake Pit)
 M - a +2 pair of gloves of dexterity (worn)
   (Okawaru gifted it to you on level 6 of the Lair of Beasts)
 R - a +2 cloak of invisibility (worn)
   (Okawaru gifted it to you on level 4 of the Vaults)
 S - +1 fire dragon scales (worn)
   (You found it on level 3 of the Vaults)
 T - a +3 buckler (worn)
   (You found it on level 3 of the Lair of Beasts)
 V - a +2 helmet of see invisible
   (Okawaru gifted it to you on level 2 of the Snake Pit)
Jewellery
 b - a +3 ring of protection (left hand)
   (You found it on level 4 of the Swamp)
 g - an uncursed ring of resist corrosion
   (You took it off an orc on level 11 of the Dungeon)
 j - a +4 ring of slaying (right hand)
   (You found it on level 5 of the Lair of Beasts)
 p - the amulet of Biesyo {+Rage rPois rF+ Dex+3}
   (You acquired it on level 14 of the Dungeon)

   [amulet of rage]

   It affects your dexterity (+3).
   It protects you from fire.
   It protects you from poison.
   It lets you go berserk.
 r - a +3 amulet of reflection (around neck)
   (You found it on level 1 of the Swamp)
 C - an uncursed ring of protection from magic {MR+, !d}
   (You found it on level 4 of the Dungeon)
 D - an uncursed ring of protection from cold {rC+, !d}
   (You found it on level 14 of the Dungeon)
 N - an uncursed ring of protection from fire {rF+, !d}
   (You found it on level 9 of the Dungeon)
 W - an uncursed ring of flight {+Fly, !d}
   (You found it in an ice cave)
Wands
 e - a wand of disintegration (7) {@e1}
   (You found it on level 1 of the Lair of Beasts)
 t - a wand of scattershot (9)
   (You found it on level 5 of the Dungeon)
 u - a wand of iceblast (11)
   (You took it off an orc wizard on level 11 of the Dungeon)
 E - a wand of clouds (3)
   (You found it on level 1 of the Swamp)
 I - a wand of digging (16)
   (You found it on level 15 of the Dungeon)
 O - a wand of acid (14)
   (You found it on level 9 of the Dungeon)
Scrolls
 h - 21 scrolls of remove curse
 n - 20 scrolls of teleportation
 w - 6 scrolls of amnesia
 y - 10 scrolls of identify
 z - 3 scrolls of silence
 B - 2 scrolls of magic mapping {!r}
 P - 6 scrolls of blinking {!r}
 Q - 7 scrolls of fog
 U - 3 scrolls of summoning
 X - 5 scrolls of fear
 Y - 2 scrolls of holy word {!r}
Potions
 c - a potion of cancellation
 f - 2 potions of flight
 i - 5 potions of mutation {!q}
 k - 15 potions of curing
 l - 3 potions of agility
 o - 5 potions of might
 s - a potion of invisibility
 v - a potion of heal wounds
 A - 8 potions of haste
 J - 2 potions of resistance
 Z - a potion of brilliance
Miscellaneous
 a - 2 sacks of spiders
 K - a lamp of fire
   (You found it on level 4 of the Swamp)
 L - a box of beasts
Comestibles
 d - 32 rations {@e1}


   Skills:
 + Level 19.4 Fighting
 - Level 24.1 Polearms
 - Level 12.8 Armour
 - Level 20.2 Dodging
 + Level 8.6 Stealth
 - Level 4.1 Shields
 - Level 2.0 Spellcasting
 - Level 2.1 Hexes
 - Level 15.7 Charms
 - Level 3.0 Translocations
 - Level 8.1 Invocations
 - Level 8.0 Evocations


You had 12 spell levels left.
You knew the following spells:

 Your Spells              Type           Power        Failure   Level  Hunger
a - Infusion              Chrm           ####         1%          1    None
b - Blink                 Tloc           N/A          17%         2    ##.....
r - Regeneration          Chrm/Necr      #####.....   4%          3    ###....
s - Shroud of Golubria    Chrm/Tloc      ######....   1%          2    ##.....
z - Spectral Weapon       Hex/Chrm       #####...     3%          3    ###....
S - Song of Slaying       Chrm           ######..     1%          2    ##.....


Dungeon Overview and Level Annotations

Branches:
Dungeon (15/15)            Temple (1/1) D:6            Lair (6/6) D:8
  Swamp (4/4) Lair:3        Snake (4/4) Lair:3        Slime (0/5) Lair:5
    Orc (2/2) D:12            Elf (0/3) Orc:2        Vaults (5/5) D:14
  Crypt (0/3) Vaults:2     Depths (4/5) D:15

Altars:
Ashenzari
Cheibriados
Dithmenos
Elyvilon
Gozag
Kikubaaqudgha
Makhleb
Nemelex Xobeh
Okawaru
Qazlal
Trog
Uskayaw
Vehumet
Wu Jian
Yredelemnul
Zin
Beogh
Jiyva

Shops:
D:4 **   D:11 !   D:12 %   Orc:2 ?%*%   Snake:1 ?*([   Snake:2 :   Vaults:2 !
Depths:1 }=}

Portals:
Hell: Depths:1 Depths:2 Depths:3
Abyss: Depths:1
Pandemonium: Depths:3
Trove: D:14 (show slimy rune of Zot)

Annotations:
D:2 exclusion: adder
D:5 exclusion: two-headed ogre
D:6 exclusion: Duvessa
Lair:4 exclusion: hog
Lair:5 1 runed door
Snake:1 exclusion: Roxanne, Roxanne
Snake:4 exclusion: Mara, Mara
Depths:2 exclusion: 2 ice statues
Depths:4 exclusion: great orb of eyes


Innate Abilities, Weirdness & Mutations

You revert to your normal form in water.
You are very nimble and swift while swimming.
You are very stealthy in the water. (Stealth+)
You are partially covered in slimy green scales. (AC +2)
Scrolls take you a little longer to read.


Message History

An ice dragon comes into view.
The lich mumbles some strange words.
Attack whom?
Aim: a lich You reach to attack!
You hit the lich.
Your spectral weapon hits the lich from afar.
The lich mumbles some strange words.
The lich flickers and vanishes!
Deactivating autopickup; reactivate with Ctrl-A.
Something touches you but does no damage.
You impale the fire giant!! You drain the fire giant!
Your spectral weapon hits the fire giant from afar!
Your spectral weapon drains the fire giant!
You puncture the fire giant! You drain the fire giant!
Your spectral weapon hits the fire giant from afar!
Your spectral weapon drains the fire giant!
You hear some strange, mumbled words.
The fire giant hits you but does no damage.
Health restored: 188 You puncture the fire giant!
You drain the fire giant!
You kill the fire giant!
Okawaru accepts your kill.
Something touches you but does no damage.
You impale the glowing orange brain!! You drain the glowing orange brain!
Your spectral weapon hits the glowing orange brain from afar!
Your spectral weapon drains the glowing orange brain!
Some rock shatters into small pieces.
You impale the glowing orange brain!!
You kill the glowing orange brain!
Okawaru accepts your kill.
You hear some strange, mumbled words.
You impale the ice dragon!!
Your spectral weapon hits the ice dragon from afar!
The cacodemon gestures next to you.
Some rock shatters into small pieces.
You block something's attack.
You hit something. Something closely misses you. The ice dragon misses you.
You block the ice dragon's attack. The ice dragon tramples you.
You stumble backwards!
The cacodemon gestures at you. The bolt of energy hits you!
The bolt of energy misses your spectral weapon.
A salamander comes into view.
You take 4 damage, and have 184/188 hp.
Attack whom?
You reach to attack!
You impale something!! Something barely misses you.
The salamander wields a glowing shortbow.
It bursts into flame!
The salamander shoots an arrow.
The arrow misses you.
Attack whom?
Aim: an ice dragon (moderately wounded)
Something you can't see is in the way.
You impale something!!
The Tzitzimitl calls on the powers of darkness!
The ice dragon convulses!
Your body is wracked with pain!
The salamander convulses!
The cacodemon gestures at you. The bolt of energy hits you!
The bolt of energy hits your spectral weapon.
Your spectral weapon shares its damage with you!
Something barely misses you.
You take 116 damage, and have 69/188 hp.
MASSIVE DAMAGE!!
You hit something but do no damage. The ice dragon breathes frost at you.
The blast of cold hits something.
The blast of cold hits you!
* * * LOW HITPOINT WARNING * * *
The salamander shoots an arrow.
You take 51 damage, and have 18/188 hp.
MASSIVE DAMAGE!!
You puncture something! Something misses you.
You hit something.
Something closely misses your spectral weapon.
The Tzitzimitl calls on the powers of darkness!
The ice dragon convulses!
Your body is wracked with pain!
* * * LOW HITPOINT WARNING * * *
You take 7 damage, and have 11/188 hp.
You puncture something! You block the cacodemon's attack.
The cacodemon hits you but does no damage.
Something hits you but does no damage.
You hear some strange, mumbled words.
A bolt of cold appears from out of thin air!
The bolt of cold hits your spectral weapon.
Your spectral weapon resists.
Your spectral weapon shares its damage with you!
Your spectral weapon fades away.
* * * LOW HITPOINT WARNING * * *
You take 2 damage, and have 9/188 hp.
You miss something.
You hear a shout!
The Tzitzimitl calls on the powers of darkness!
The ice dragon convulses!
Your body is wracked with pain!
* * * LOW HITPOINT WARNING * * *
The salamander convulses!
You block the cacodemon's attack. x2
Something hits you but does no damage.
You take 3 damage, and have 6/188 hp.
You miss something. You block the ice dragon's attack.
The ice dragon completely misses you. You block the ice dragon's attack.
Something touches you!
You die...

#..#...<# .#
G.#T#..#..####.##
...TT............
...###.##......##.
......##......#
.............+
##.##.##[.....#
#.##.#.......#
####..#.2@......#
......).{.D.....#
..#.#1.)#######
≈..§.....#.
..§......##.
.≈8§N....# #.
..§..≈..## ##
≈..§§8§.#
..≈§§§..#


You could see a Tzitzimitl, a cacodemon, an ice dragon and a salamander.

Vanquished Creatures
  Bai Suzhen (Depths:2)
  Margery (Vaults:4)
  Vashnia (Snake:3)
  A golden dragon (Depths:3)
  A lich (Depths:2)
  A tentacled monstrosity (Depths:1)
  Agnes (Snake:2)
  Kirke (Lair:4)
  A thorn hunter (Swamp:4)
  A tengu reaver (Depths:2)
  An azure jelly (Swamp:4)
  11 fire giants
  7 frost giants
  6 nagarajas
  2 iron dragons
  9 vault wardens
  An orc warlord (Orc:2)
  Aizul (Snake:1)
  3 ironheart preservers
  17 stone giants
  19 very ugly things
  A war gargoyle (Vaults:4)
  2 entropy weavers
  3 spark wasps
  5 ettins
  A blizzard demon (Depths:2)
  9 fire dragons
  9 rakshasas
  7 yaktaur captains
  13 ice dragons
  17 hydras
  18 naga warriors
  11 vault guards
  4 catoblepae
  6 great orbs of eyes
  A spriggan air mage (Depths:1)
  3 ghost crabs
  16 anacondas
  16 two-headed ogres
  3 death knights
  An anaconda (shapeshifter) (Depths:2)
  11 centaur warriors
  2 dancing weapons (D:14)
  3 deep troll shamans
  7 alligators
  8 death yaks (Lair:6)
  5 deep troll earth magi
  4 ogre magi
  6 spriggan berserkers
  4 orc high priests (Orc:2)
  3 tengu warriors
  9 shock serpents
  Nergalle (Lair:3)
  14 naga sharpshooters
  5 hell knights (Vaults:4)
  A fire crab (shapeshifter) (D:15)
  A deep elf knight (Vaults:3)
  A salamander mystic (Snake:2)
  3 skeletal warriors (D:14)
  4 iron trolls
  A shadow wraith (Vaults:3)
  A glowing orange brain (Depths:4)
  3 spriggan druids
  4 swamp dragons
  An unseen horror (D:14)
  4 flayed ghosts
  5 deep trolls
  12 naga ritualists
  7 wizards
  Pikel (D:6)
  7 ironbrand convokers
  A lindwurm (Lair:6)
  A tengu zombie (Depths:3)
  A shambling mangrove (Swamp:3)
  14 mana vipers
  4 necromancers
  11 orc knights
  2 human zombies (Vaults:3)
  2 mana vipers (shapeshifter)
  8 deep elf magi
  A wolf spider (Vaults:3)
  4 harpies (Vaults:4)
  8 orc sorcerers
  4 manticores
  48 ugly things
  2 salamanders
  6 elephants (Lair:6)
  8 cyclopes
  2 ice statues (IceCv)
  A sphinx skeleton (Depths:3)
  45 black mambas
  4 centaur zombies
  10 vault sentinels
  17 naga magi
  13 spiny frogs
  A spriggan skeleton (Depths:3)
  11 guardian serpents
  A kobold demonologist (D:12)
  8 rime drakes
  54 yaktaurs
  12 komodo dragons
  An efreet (D:14)
  5 freezing wraiths
  A rime drake (shapeshifter) (Vaults:4)
  A yaktaur skeleton (Vaults:3)
  A tengu conjurer (Depths:3)
  4 ice devils (Depths:2)
  8 trolls
  A troll (shapeshifter) (Vaults:3)
  7 hornets
  Grinder (D:4)
  32 slime creatures
  2 polar bears (Lair:5)
  2 bog bodies
  A blink frog (shapeshifter) (D:15)
  25 blink frogs
  6 tyrant leeches
  19 dream sheep
  14 hippogriffs
  Sigmund (D:6)
  8 spriggans
  A vampire (D:14)
  5 wraiths
  2 shadows
  7 hogs
  12 redbacks
  A hungry ghost (D:12)
  A water elemental (D:13)
  37 yaks
  8 wyverns
  A human (D:7)
  2 basilisks (shapeshifter)
  5 basilisks (D:14)
  18 vampire mosquitoes
  The ghost of Firecrotchwizard the Poker, an amateur MfSk (D:3)
  2 swamp worm simulacra (Swamp:4)
  A steam dragon (Lair:3)
  2 human simulacra (Vaults:3)
  61 nagas
  9 insubstantial wisps
  6 wargs
  17 swamp worms
  7 water moccasins
  2 acid dragons (Vaults:2)
  2 hell hounds (D:8)
  7 porcupines
  Duvessa (D:6)
  14 hydra simulacra (Swamp:4)
  53 orc warriors
  24 ice beasts
  5 swamp drakes
  A phantom (D:6)
  A hornet zombie (D:15)
  4 sky beasts
  6 centaurs
  17 boggarts
  An eye of draining (D:15)
  25 ogres
  6 wolves (Lair:2)
  8 crocodiles
  15 bullfrogs
  A wyvern zombie (D:9)
  Dowan (D:6)
  A hornet simulacrum (Vaults:1)
  2 wyvern skeletons (D:14)
  2 scorpions
  6 killer bees (D:11)
  9 wights
  4 electric eels (D:11)
  10 crimson imps
  6 howler monkeys
  A quasit (D:9)
  7 hounds
  4 jellies
  40 orc priests
  30 orc wizards
  3 bullfrog skeletons
  6 centaur skeletons
  An iguana (D:7)
  9 worker ants
  Ijyb (D:3)
  A killer bee zombie (D:6)
  2 worker ant zombies
  A gnoll (D:3)
  A howler monkey skeleton (D:5)
  7 adders
  A river rat (D:4)
  5 shadow imps
  12 white imps (Lair:4)
  6 swamp drake simulacra (Swamp:4)
  16 worms
  3 dart slugs
  5 leopard geckos
  142 orcs
  2 bats
  4 giant cockroaches
  4 hobgoblins
  11 jackals
  4 kobolds
  5 quokkas
  2 ball pythons
  5 frilled lizards
  18 goblins
  10 rats
  2 spectral weapons (Depths:2)
1626 creatures vanquished.

Vanquished Creatures (others)
  Asterion (Snake:1)
  A yaktaur captain (Depths:2)
  A ghost crab (Swamp:4)
  A deep elf knight (Vaults:1)
  An unseen horror (D:14)
  4 yaktaurs
  2 swamp worms (Swamp:4)
  A swamp drake (Swamp:1)
  A slave (D:6)
  An orc warrior (Vaults:2)
  A worker ant (D:6)
  A shadow imp (D:6)
  9 fungi
  9 plants
  71 spectral weapons
105 creatures vanquished.

Grand Total: 1731 creatures vanquished

Notes
Turn   | Place    | Note
-------+----------+-------------------------------------------
     0 | D:1      | Firecrotchwizard the Merfolk Skald began the quest for the Orb.
     0 | D:1      | Reached XP level 1. HP: 16/16 MP: 3/3
   329 | D:1      | Reached XP level 2. HP: 22/22 MP: 5/5
   333 | D:1      | Learned a level 2 spell: Shroud of Golubria
  1137 | D:2      | Found an opulent altar of Gozag.
  1142 | D:2      | Found a radiant altar of Vehumet.
  1206 | D:2      | Reached skill level 4 in Polearms
  1304 | D:2      | Reached XP level 3. HP: 27/27 MP: 6/6
  1345 | D:2      | Reached skill level 4 in Charms
  2409 | D:3      | Reached XP level 4. HP: 31/33 MP: 7/7
  2516 | D:3      | HP: 7/33 [orc/trident (5)]
  2517 | D:3      | Reached skill level 5 in Polearms
  2535 | D:3      | Gained mutation: Scrolls take you a little longer to read. [potion of mutation]
  2535 | D:3      | Gained mutation: Armour fits poorly on your strangely shaped body. [potion of mutation]
  2535 | D:3      | Lost mutation: Armour fits poorly on your strangely shaped body. [potion of mutation]
  2535 | D:3      | Gained mutation: You are partially covered in slimy green scales. (AC +2) [potion of mutation]
  2769 | D:3      | Learned a level 3 spell: Spectral Weapon
  2815 | D:3      | Reached XP level 5. HP: 38/38 MP: 8/8
  2825 | D:3      | Reached skill level 1 in Hexes
  2825 | D:3      | Reached skill level 5 in Charms
  2854 | D:3      | Noticed Firecrotchwizard's ghost (amateur MfSk)
  2866 | D:3      | Killed Firecrotchwizard's ghost
  2866 | D:3      | Reached skill level 6 in Polearms
  2866 | D:3      | Reached skill level 2 in Hexes
  2866 | D:3      | Reached XP level 6. HP: 41/44 MP: 0/9
  3475 | D:3      | Noticed Ijyb
  3487 | D:3      | Killed Ijyb
  3578 | D:3      | Learned a level 3 spell: Regeneration
  3708 | D:4      | Found Susicw Muth's Assorted Antiques.
  3723 | D:4      | Reached skill level 7 in Polearms
  3822 | D:4      | Reached skill level 6 in Charms
  4100 | D:4      | Reached XP level 7. HP: 50/50 MP: 0/10
  4206 | D:4      | Noticed Grinder
  4280 | D:4      | Found Deanintus's Assorted Antiques.
  4293 | D:4      | Bought a buckler for 85 gold pieces
  4326 | D:4      | Reached skill level 1 in Shields
  4564 | D:4      | Killed Grinder
  4564 | D:4      | Reached skill level 3 in Shields
  4946 | D:5      | Entered Level 5 of the Dungeon
  5011 | D:5      | Noticed a two-headed ogre
  5090 | D:5      | Reached skill level 4 in Shields
  5446 | D:5      | Reached XP level 8. HP: 55/56 MP: 11/11
  5674 | D:6      | Found a staircase to the Ecumenical Temple.
  5690 | D:6      | Reached skill level 8 in Polearms
  5730 | Temple   | Entered the Ecumenical Temple
  5837 | Temple   | Became a worshipper of Warmaster Okawaru
  5885 | D:6      | Reached skill level 7 in Charms
  6048 | D:6      | Reached skill level 9 in Polearms
  6048 | D:6      | Reached skill level 1 in Armour
  6090 | D:6      | Noticed Sigmund
  6101 | D:6      | Killed Sigmund
  6183 | D:6      | Reached * piety under Okawaru
  6213 | D:6      | Reached skill level 2 in Armour
  6219 | D:6      | Noticed Dowan
  6249 | D:6      | Noticed Pikel
  6269 | D:6      | Reached skill level 3 in Dodging
  6287 | D:6      | Killed Pikel
  6287 | D:6      | Reached skill level 10 in Polearms
  6287 | D:6      | Reached skill level 5 in Dodging
  6287 | D:6      | Reached XP level 9. HP: 18/61 MP: 7/12
  6553 | D:6      | Noticed Duvessa
  6867 | D:6      | Killed Duvessa
  6867 | D:6      | Reached skill level 11 in Polearms
  6873 | D:6      | Killed Dowan
  6934 | D:7      | Found a hide-covered altar of Uskayaw.
  6993 | D:7      | Reached skill level 6 in Dodging
  7154 | D:7      | Reached ** piety under Okawaru
  7193 | D:7      | Found a snail-covered altar of Cheibriados.
  7419 | D:7      | Reached skill level 3 in Fighting
  7527 | D:7      | Reached skill level 4 in Fighting
  7527 | D:7      | Reached skill level 12 in Polearms
  7818 | D:7      | Reached skill level 5 in Fighting
  7829 | D:7      | Learned a level 3 spell: Ozocubu's Armour
  8466 | D:8      | Found a staircase to the Lair.
  8560 | D:8      | Reached XP level 10. HP: 45/74 MP: 6/13
  8576 | D:8      | Reached skill level 7 in Dodging
  8699 | D:8      | Reached skill level 13 in Polearms
  9165 | D:9      | Found a hide-covered altar of Uskayaw.
  9367 | D:9      | Found a stormy altar of Qazlal.
 10070 | D:9      | Reached skill level 8 in Dodging
 10378 | D:10     | Entered Level 10 of the Dungeon
 10417 | D:10     | Reached *** piety under Okawaru
 11140 | D:10     | Reached skill level 14 in Polearms
 11140 | D:10     | Reached skill level 9 in Dodging
 11565 | Lair:1   | Entered Level 1 of the Lair of Beasts
 11600 | Lair:1   | Reached skill level 10 in Dodging
 11611 | Lair:1   | Reached **** piety under Okawaru
 11766 | Lair:1   | Reached skill level 11 in Dodging
 11805 | Lair:1   | Noticed an eight-headed hydra
 11813 | Lair:1   | Killed an eight-headed hydra
 11813 | Lair:1   | Reached skill level 12 in Dodging
 11813 | Lair:1   | Reached XP level 11. HP: 55/79 MP: 1/14
 12130 | Lair:1   | Reached ***** piety under Okawaru
 12143 | Lair:1   | Reached skill level 6 in Fighting
 12143 | Lair:1   | Reached skill level 8 in Charms
 12215 | Lair:1   | Received a gift from Okawaru
 12456 | Lair:1   | Learned a level 2 spell: Song of Slaying
 13182 | Lair:1   | Reached skill level 7 in Fighting
 13369 | Lair:2   | Noticed a five-headed hydra
 13420 | Lair:2   | Got a brightly glowing shortbow
 13575 | Lair:2   | Reached skill level 9 in Charms
 13628 | Lair:2   | Killed a five-headed hydra
 13628 | Lair:2   | Reached skill level 3 in Armour
 13635 | Lair:2   | Received a gift from Okawaru
 13636 | Lair:2   | Got an encrusted demon trident {god gift}
 13640 | Lair:2   | Identified the +9 demon trident of Saltpetre {drain, MR+ Str+2 Int+4 Dex+2} (Okawaru gifted it to you on level 2 of the Lair of Beasts)
 13747 | Lair:2   | Reached skill level 10 in Charms
 13771 | Lair:2   | Reached XP level 12. HP: 84/91 MP: 15/15
 13782 | Lair:2   | Reached skill level 4 in Armour
 14661 | Lair:3   | Noticed a five-headed hydra
 14666 | Lair:3   | Killed a five-headed hydra
 14693 | Lair:3   | Reached skill level 5 in Armour
 14700 | Lair:3   | Received a gift from Okawaru
 14702 | Lair:3   | Reached skill level 11 in Charms
 14711 | Lair:3   | Found a staircase to the Snake Pit.
 15012 | Lair:3   | Noticed Nergalle
 15026 | Lair:3   | Killed Nergalle
 15045 | Lair:3   | Found a staircase to the Swamp.
 15433 | Lair:4   | Noticed an eight-headed hydra
 15440 | Lair:4   | Killed an eight-headed hydra
 15560 | Lair:4   | Found a frozen archway.
 15562 | Lair:4   | Noticed a seven-headed hydra
 15564 | Lair:4   | Reached skill level 8 in Fighting
 15573 | Lair:4   | Killed a seven-headed hydra
 15573 | Lair:4   | Reached skill level 12 in Charms
 15737 | IceCv    | Entered an ice cave
 15744 | IceCv    | Reached ****** piety under Okawaru
 15816 | IceCv    | Reached XP level 13. HP: 93/100 MP: 14/16
 15830 | IceCv    | Reached skill level 9 in Fighting
 15870 | IceCv    | Received a gift from Okawaru
 15921 | IceCv    | Noticed an ice dragon
 15921 | IceCv    | Noticed an ice dragon
 16315 | IceCv    | Killed an ice dragon
 16568 | IceCv    | Got a vibrating bronze ring
 16620 | IceCv    | Killed an ice dragon
 16620 | IceCv    | Reached skill level 1 in Invocations
 16645 | IceCv    | Identified the ring "Wegyoxih" {*Corrode +Blink rElec rC+ Int+6} (You found it in an ice cave)
 16812 | Lair:4   | Reached skill level 2 in Invocations
 16907 | Lair:4   | Reached skill level 10 in Fighting
 17065 | Lair:4   | Noticed Kirke
 17085 | Lair:4   | Killed Kirke
 17085 | Lair:4   | Received a gift from Okawaru
 17085 | Lair:4   | Reached skill level 3 in Invocations
 17436 | Lair:5   | Reached skill level 4 in Invocations
 17509 | Lair:5   | Reached skill level 13 in Dodging
 17755 | Lair:5   | Reached skill level 5 in Invocations
 17773 | Lair:5   | Found a runed door.
 17775 | Lair:5   | Found a viscous altar of Jiyva.
 17775 | Lair:5   | Noticed an acid blob
 17778 | Lair:5   | Found a staircase to the Slime Pits.
 18312 | Lair:5   | Reached skill level 6 in Armour
 18618 | Lair:6   | Entered Level 6 of the Lair of Beasts
 18639 | Lair:6   | Reached skill level 6 in Invocations
 18746 | Lair:6   | Received a gift from Okawaru
 18823 | Lair:6   | Reached skill level 7 in Invocations
 18847 | Lair:6   | Reached skill level 7 in Armour
 18850 | Lair:6   | Reached XP level 14. HP: 104/110 MP: 16/19
 19000 | Lair:6   | Reached skill level 8 in Invocations
 19035 | Lair:6   | Reached skill level 1 in Stealth
 19050 | Lair:6   | Reached skill level 2 in Stealth
 19085 | Lair:6   | Reached skill level 3 in Stealth
 19120 | Lair:6   | Reached skill level 4 in Stealth
 19310 | Lair:6   | Reached skill level 5 in Stealth
 19312 | Lair:6   | Reached skill level 11 in Fighting
 19322 | Lair:6   | Received a gift from Okawaru
 19618 | Lair:6   | Reached skill level 6 in Stealth
 20440 | D:11     | Found Dijoilen's Distillery.
 20443 | D:11     | Bought a potion of cancellation for 112 gold pieces
 20903 | D:12     | Reached skill level 13 in Charms
 20962 | D:12     | Found a staircase to the Orcish Mines.
 21304 | D:4      | Bought a thick filigree amulet for 95 gold pieces
 21304 | D:4      | Bought a scroll of teleportation for 57 gold pieces
 21304 | D:4      | Bought a scroll of fog for 38 gold pieces
 21688 | D:12     | Reached skill level 14 in Dodging
 21743 | D:12     | Found Abig's Food Shop.
 21791 | D:13     | Received a gift from Okawaru
 22007 | D:13     | Reached XP level 15. HP: 119/119 MP: 17/21
 22680 | D:14     | Found a portal to a secret trove of treasure.
 22732 | D:14     | Reached skill level 14 in Charms
 22811 | D:14     | Reached skill level 15 in Dodging
 23090 | D:14     | Reached skill level 1 in Evocations
 23100 | D:14     | Identified a scroll of acquirement
 23100 | D:14     | Got a pitted copper amulet
 23103 | D:14     | Identified the amulet of Biesyo {+Rage rPois rF+ Dex+3} (You acquired it on level 14 of the Dungeon)
 23145 | D:14     | Found a gate to the Vaults.
 23155 | D:14     | Received a gift from Okawaru
 23160 | D:14     | Reached skill level 2 in Evocations
 23315 | D:14     | Reached skill level 3 in Evocations
 23378 | D:14     | Reached skill level 12 in Fighting
 23560 | D:14     | Reached skill level 4 in Evocations
 23701 | D:14     | HP: 28/120 [rakshasa/trident (11)]
 24078 | D:14     | Reached skill level 8 in Armour
 24093 | D:14     | Reached skill level 5 in Evocations
 24373 | Orc:1    | Entered Level 1 of the Orcish Mines
 24653 | Orc:2    | Entered Level 2 of the Orcish Mines
 24854 | Orc:2    | Got a twisted flail
 24954 | Orc:2    | Reached skill level 6 in Evocations
 25022 | Orc:2    | Found a staircase to the Elven Halls.
 25091 | Orc:2    | Reached XP level 16. HP: 127/127 MP: 18/22
 25180 | Orc:2    | Found Iclamat's Assorted Antiques.
 25200 | Orc:2    | Received a gift from Okawaru
 25331 | Orc:2    | Bought a scroll labeled NISEXOXIDU for 28 gold pieces
 25360 | Orc:2    | Found Ahuchoet's Food Emporium.
 25432 | Orc:2    | Found a roughly hewn altar of Beogh.
 25782 | Orc:2    | Reached skill level 7 in Evocations
 26163 | Orc:2    | Reached skill level 16 in Dodging
 26327 | Orc:2    | Found Wejianga's Food Shoppe.
 26345 | Orc:2    | Found Daugumor's Magic Scroll Emporium.
 26362 | Orc:2    | Bought a scroll of enchant armour for 75 gold pieces
 26362 | Orc:2    | Bought a scroll of teleportation for 30 gold pieces
 26362 | Orc:2    | Bought a scroll of teleportation for 30 gold pieces
 26362 | Orc:2    | Bought a scroll of enchant armour for 75 gold pieces
 26372 | Orc:2    | Found a roughly hewn altar of Beogh.
 27258 | D:15     | Entered Level 15 of the Dungeon
 27290 | D:15     | Reached skill level 8 in Evocations
 27710 | D:15     | Received a gift from Okawaru
 27820 | D:15     | Found a staircase to the Depths.
 27823 | D:15     | Reached skill level 13 in Fighting
 28175 | D:15     | Found an opulent altar of Gozag.
 28595 | Swamp:1  | Entered Level 1 of the Swamp
 28762 | Swamp:1  | Reached skill level 17 in Dodging
 28766 | Swamp:1  | Reached skill level 15 in Polearms
 29000 | Swamp:1  | Learned a level 2 spell: Blink
 29234 | Swamp:2  | Received a gift from Okawaru
 29351 | Swamp:2  | Reached XP level 17. HP: 137/137 MP: 23/23
 29520 | Swamp:2  | Got a bloodstained war axe
 29578 | Swamp:2  | Reached skill level 16 in Polearms
 30107 | Swamp:3  | Reached skill level 18 in Dodging
 30496 | Swamp:4  | Entered Level 4 of the Swamp
 30797 | Swamp:4  | Received a gift from Okawaru
 30840 | Swamp:4  | Reached skill level 17 in Polearms
 31431 | Swamp:4  | Reached skill level 9 in Armour
 31997 | Swamp:4  | Got a decaying rune of Zot
 32118 | Snake:1  | Entered Level 1 of the Snake Pit
 32356 | Snake:1  | Found Visulyr's Antique Weapon Emporium.
 32490 | Snake:1  | Found Viren's Armour Emporium.
 32505 | Snake:1  | Reached skill level 18 in Polearms
 32567 | Snake:1  | Noticed Aizul
 32573 | Snake:1  | Killed Aizul
 32622 | Snake:1  | Found Veaclu Qito's Assorted Antiques.
 32630 | Snake:1  | Bought a potion of haste for 320 gold pieces
 32630 | Snake:1  | Bought a potion of curing for 96 gold pieces
 32633 | Snake:1  | Noticed Asterion
 32649 | Snake:1  | Killed Asterion
 32996 | Snake:1  | Found Nulo's Magic Scroll Boutique.
 33000 | Snake:1  | Noticed Roxanne
 33400 | Snake:2  | Noticed Agnes
 33404 | Snake:2  | Reached XP level 18. HP: 118/143 MP: 17/24
 33409 | Snake:2  | Killed Agnes
 33409 | Snake:2  | Reached skill level 10 in Armour
 33926 | Snake:2  | Found Kiecopn's Book Emporium.
 34201 | Snake:2  | Received a gift from Okawaru
 34264 | Snake:2  | Reached skill level 19 in Polearms
 34925 | Snake:3  | Found a glowing silver altar of Zin.
 35049 | Snake:3  | Reached skill level 15 in Charms
 35131 | Snake:3  | Got an encrusted hat
 35142 | Snake:3  | Identified the +2 hat "Rochaif" {rC+ Regen+} (You acquired it on level 3 of the Snake Pit)
 35394 | Snake:3  | Found a flickering gateway to a bazaar.
 35406 | Bazaar   | Entered a bazaar
 35406 | Bazaar   | Found Luutuek's Weapon Shop.
 35406 | Bazaar   | Found Keskouc's Food Shop.
 35406 | Bazaar   | Found Buwkojedd's Antique Armour Boutique.
 35406 | Bazaar   | Found Alui's Assorted Antiques.
 35415 | Bazaar   | Bought a scroll of enchant armour for 97 gold pieces
 35415 | Bazaar   | Bought a potion of mutation for 104 gold pieces
 35415 | Bazaar   | Bought a scroll of teleportation for 39 gold pieces
 35415 | Bazaar   | Bought a scroll labeled BIT FATEOHASS for 13 gold pieces
 35472 | Bazaar   | Bought a scorched cloak for 199 gold pieces
 35474 | Bazaar   | Identified the +2 cloak of Hopscotch {rF+ Str+6 Int-5 Dex+4} (You bought it in a shop in a bazaar)
 35488 | Bazaar   | Bought a scroll of fog for 26 gold pieces
 35593 | Snake:3  | Noticed Vashnia
 35598 | Snake:3  | Reached skill level 1 in Translocations
 35610 | Snake:3  | Reached skill level 20 in Polearms
 35618 | Snake:3  | HP: 13/143 [Vashnia/bolt (36)]
 35819 | Snake:3  | Killed Vashnia
 35819 | Snake:3  | Received a gift from Okawaru
 35819 | Snake:3  | Reached skill level 2 in Translocations
 36134 | Snake:4  | Entered Level 4 of the Snake Pit
 36232 | Snake:4  | Reached skill level 3 in Translocations
 36503 | Snake:4  | Reached skill level 21 in Polearms
 36639 | Snake:4  | Reached XP level 19. HP: 148/149 MP: 25/25
 36910 | Snake:4  | Reached skill level 22 in Polearms
 37090 | Snake:4  | Received a gift from Okawaru
 37239 | Snake:4  | Reached skill level 23 in Polearms
 37307 | Snake:4  | Got a serpentine rune of Zot
 37553 | Snake:4  | Noticed Mara
 37901 | Vaults:1 | Entered Level 1 of the Vaults
 38379 | Vaults:1 | Received a gift from Okawaru
 38449 | Vaults:1 | Reached skill level 24 in Polearms
 39265 | Vaults:2 | Found a staircase to the Crypt.
 39265 | Vaults:2 | Found a basalt altar of Yredelemnul.
 39266 | Vaults:2 | Found an ancient bone altar of Kikubaaqudgha.
 39314 | Vaults:2 | Reached XP level 20. HP: 158/158 MP: 26/26
 39449 | Vaults:2 | Reached skill level 14 in Fighting
 39528 | Vaults:2 | Reached skill level 19 in Dodging
 39686 | Vaults:2 | Found Qarumnec's Distillery.
 39697 | Vaults:2 | Bought a potion of heal wounds for 85 gold pieces
 39697 | Vaults:2 | Bought a potion of haste for 170 gold pieces
 39697 | Vaults:2 | Bought a potion of haste for 170 gold pieces
 40279 | Vaults:3 | Received a gift from Okawaru
 40656 | Vaults:3 | Reached skill level 15 in Fighting
 40907 | Vaults:3 | Reached skill level 20 in Dodging
 41739 | Vaults:4 | Received a gift from Okawaru
 41764 | Vaults:4 | HP: 21/164 [yaktaur captain/bolt (37)]
 41785 | Vaults:4 | HP: 38/164 [something/blast of metal fragments[an ironheart preserver] (10)]
 42265 | Vaults:4 | Reached skill level 16 in Fighting
 42269 | Vaults:4 | Noticed Margery
 42285 | Vaults:4 | Killed Margery
 42371 | Vaults:4 | Reached XP level 21. HP: 171/171 MP: 17/27
 42631 | Vaults:4 | Reached skill level 11 in Armour
 43257 | Vaults:5 | Entered Level 5 of the Vaults
 43516 | Depths:1 | Entered Level 1 of the Depths
 44166 | Depths:1 | Reached skill level 17 in Fighting
 44414 | Depths:1 | Received a gift from Okawaru
 44494 | Depths:1 | Reached skill level 12 in Armour
 44500 | Depths:1 | Found a gateway to Hell.
 44626 | Depths:1 | Found Baozos's Gadget Emporium.
 44626 | Depths:1 | Found Zucrit's Jewellery Shop.
 44627 | Depths:1 | Found Zodghyxzi's Gadget Emporium.
 44636 | Depths:1 | Bought a wand of acid (10) for 616 gold pieces
 44715 | Depths:1 | Found a one-way gate to the infinite horrors of the Abyss.
 45078 | Depths:1 | Upgraded the game from 0.22-a0-99-g1ac4c55 to 0.22-a0-109-gbeb7240
 45293 | Depths:2 | Reached skill level 18 in Fighting
 45358 | Depths:2 | Reached XP level 22. HP: 99/184 MP: 26/28
 45366 | Depths:2 | Received a gift from Okawaru
 45367 | Depths:2 | Got a shimmering short sword {god gift}
 45710 | Depths:2 | Found the +8 Wrath of Trog {antimagic, *Rage}
 45778 | Depths:2 | Noticed Bai Suzhen
 45817 | Depths:2 | Killed Bai Suzhen
 46269 | Depths:2 | Noticed an ancient lich
 46295 | Depths:2 | HP: 39/186 [frost giant/bolt of cold (30)]
 46321 | Depths:2 | HP: 41/186 [acid (12)]
 46596 | Depths:3 | Received a gift from Okawaru
 46599 | Depths:3 | Found a flickering gateway to a bazaar.
 46613 | Bazaar   | Entered a bazaar
 46617 | Bazaar   | Found Duliriyr's Weapon Shop.
 46645 | Bazaar   | Found Fajarr's Food Boutique.
 46676 | Bazaar   | Found Nomnuutiepn's Magic Scroll Shop.
 46676 | Bazaar   | Found Enel's Antique Armour Boutique.
 46693 | Bazaar   | Bought a scroll of teleportation for 36 gold pieces
 46693 | Bazaar   | Bought a scroll of brand weapon for 240 gold pieces
 46693 | Bazaar   | Bought a scroll of enchant armour for 90 gold pieces
 46693 | Bazaar   | Bought a scroll of fog for 24 gold pieces
 46693 | Bazaar   | Bought a scroll of fog for 24 gold pieces
 46776 | Depths:3 | Got a shimmering arbalest
 46861 | Depths:3 | Found a one-way gate leading to the halls of Pandemonium.
 46978 | Depths:3 | Reached skill level 19 in Fighting
 47209 | Depths:3 | Reached skill level 7 in Stealth
 47825 | Depths:3 | Noticed a golden dragon
 47831 | Depths:3 | Killed a golden dragon
 47831 | Depths:3 | Reached skill level 8 in Stealth
 48190 | Depths:4 | HP: 18/188 [ice dragon/blast of cold (52)]
 48194 | Depths:4 | HP: 6/188 [???[a lich] (4)]
 48195 | Depths:4 | Slain by a lich

Vault maps used:
D:1:      lightli_arrival_boilingwater, minmay_misc_feat_tower,
          dk_noncrumbling_4
D:2:      overflow_temple_1_default, overflow_temple_1_default, first_ration
D:3:      kennysheep_goblin_castle, kennysheep_generic_room_7
D:4:      serial_shops, shop_statue, nicolae_shop_window_shopping,
          portal_sewer_entry_a, uniq_grinder
D:5:      minmay_holes
D:6:      minmay_temple_entry_grid, uniq_sigmund, uniq_duvessa, uniq_pikel
D:7:      lemuel_crystal_altar, lemuel_doored_altar, grunt_livestock,
          wad_floor_pattern_2, kennysheep_opposing_triangles
D:8:      minmay_lair_entry_lava, minmay_fountain_box
D:9:      basic_altar, nicolae_qazlal_style_of_elements
D:11:     serial_shops, nicolae_shop_behind_doors
D:12:     orc_0_dummy, serial_shops, kennysheep_little_box, worms_lemuel
D:13:     grunt_ministairs_12
D:14:     minmay_concentric_multi, erik_vaults_1, nicolae_trove_entry_columns,
          special_room
D:15:     grunt_enter_depths_magical_seal, serial_park_tiny_2, basic_altar,
          minmay_misc_feat_enclosed
Temple:   compressed_dpeg_circular_temple
Lair:1:   lab_entry_generic, small_statue_intersection,
          hangedman_lair_generics_rect
Lair:2:   beast_lair_carwin_10, serial_bayou_shore_b, serial_bayou_shore_a
Lair:3:   swamp_mist_pool, guppyfry_snake_entry_island, uniq_nergalle
Lair:4:   portal_ice_cave_entry_imps, uniq_kirke
Lair:5:   slime_altar_2
Lair:6:   evilmike_catoblepas_cave, grunt_megastairs_4
Swamp:1:  infiniplex_staircase_pool, swamp_pool1, st_swamp_ruins_3
Swamp:2:  evilmike_swamp_ruin_house_1
Swamp:3:  evilmike_swamp_ruin_house_4
Swamp:4:  swamp_icy, swamp_pool1, hangedman_swamp_lotus, hangedman_swamp_pad
Snake:1:  serial_shops, nicolae_shop_overgrown_old_shop, shop_fountains, shop,
          nicolae_shop_temple_entry_statues_fountains, spider_trap, uniq_aizul,
          uniq_roxanne, uniq_asterion
Snake:2:  serial_shops, nicolae_shop_statue_plus, uniq_agnes
Snake:3:  basic_altar, serial_shops, bzr_entry_islet, statue_in_the_mist_lemuel,
          uniq_vashnia
Snake:4:  johnstein_snake_rune_scales, spider_trap, uniq_mara
Orc:1:    nicolae_orc_accident_3
Orc:2:    pubby_orc_utopia
Vaults:1: vaults_standard_mumra_x, hangedman_vaults_trim,
          hangedman_vaults_nails, nicolae_vaults_diagonal_hallway_8,
          vaults_room_pool, hangedman_vaults_capsules
Vaults:2: vaults_room_fours, hangedman_vaults_pinch, vaults_room_large_hall,
          minmay_crypt_entry_necro_gods, nicolae_vaults_network_quincunx,
          nicolae_vaults_circle_grid_b, vaults_room_hallway,
          vaults_dpeg_diagonal, vaults_dpeg_cross, vaults_room_stairs_pillars,
          v_rooms_3, vaults_room_ringed_pool, vaults_room_door_hall,
          nicolae_vaults_display_case, serial_shops, nicolae_shop_waterfront
Vaults:3: v_pattern_5, nicolae_vaults_little_squares_3, v_misc_11,
          v_alt_pattern_2, nicolae_vaults_rhombus_7,
          nicolae_vaults_diagonal_hallway_7, nicolae_vaults_asterisk,
          v_alt_pattern_1, vaults_room_door_hall
Vaults:4: vaults_room_corners, ontoclasm_vaults_decontamination,
          hangedman_vaults_maws, ontoclasm_vaults_hangar, v_pattern_2,
          v_alt_pattern_4, nicolae_vaults_stairing_the_circle,
          nicolae_vaults_little_squares_4, ontoclasm_vaults_fault, v_misc_27,
          v_misc_24, uniq_margery
Depths:1: hangedman_cross_veins, hell_entry, abyss_entry, minmay_misc_feat_five,
          kb_rosetta, minmay_shop_grove
Depths:2: cheibrodos_cascadia, hell_entry, minmay_misc_feat_roman,
          minmay_guarded_unrand_wrath_of_trog, infiniplex_staircase_9_rooms,
          uniq_bai_suzhen
Depths:3: wad_mega_maze, pan_entry, serial_shops, bzr_entry_gold, hell_entry,
          hangedman_decor_peaks_small, infiniplex_staircase_split_hallway
Depths:4: gammafunk_sealed_library, enter_ziggurat_e, grunt_pan_entry_spiral,
          abyss_entry_flame_altar, hell_entry, kennysheep_doodads, serial_glass,
          glass_columns_b, glass_columns_a, glass_columns_b, glass_columns_a,
          uniq_boris
Bazaar:   bazaar_minmay_generic_box, bazaar_jpeg_honeycomb
IceCv:    ice_cave_small_dragons

Skill      XL: |  1  2  3  4  5  6  7  8  9 10 11 12 13 14 15 16 17 18 19 20 21 22 |
---------------+-------------------------------------------------------------------+-----
Polearms       | 4 5 6 7 10 12 14 15 18 21 24 | 24.1
Charms         | 4 5 6 7 10 12 13 14 15 | 15.7
Hexes          | 2 |  2.1
Shields        | 4 |  4.1
Armour         | 2 3 5 7 8 9 10 12 | 12.8
Dodging        | 5 6 12 13 14 15 17 18 20 | 20.2
Fighting       | 5 7 8 10 11 12 13 16 18 19 | 19.4
Invocations    | 7 8 |  8.1
Stealth        | 6 8 |  8.6
Evocations     | 6 8 |  8.0
Translocations | 3 |  3.0
Spellcasting   | |  2.0

Action                   |  1- 3 |  4- 6 |  7- 9 | 10-12 | 13-15 | 16-18 | 19-21 | 22-24 || total
-------------------------+-------+-------+-------+-------+-------+-------+-------+-------++-------
Melee: Spear             |   141 |    25 |       |       |       |       |       |       ||   166
       Trident           |       |    90 |   402 |   434 |       |       |       |       ||   926
       Demon trident     |       |       |       |   206 |   898 |  1340 |  1313 |   392 ||  4149
       Tailslap          |       |       |       |       |     1 |    30 |     2 |       ||    33
Throw: Javelin           |       |       |       |     7 |       |       |       |       ||     7
 Cast: Infusion          |    11 |    15 |    10 |     9 |     1 |       |     1 |     1 ||    48
       Shroud of Golubri |       |     4 |    10 |     7 |     9 |    18 |    18 |     2 ||    68
       Spectral Weapon   |       |     1 |     3 |    34 |    66 |    86 |    99 |    17 ||   306
       Ozocubu's Armour  |       |       |       |    10 |    27 |    47 |    29 |       ||   113
       Song of Slaying   |       |       |       |     2 |     2 |       |       |       ||     4
       Blink             |       |       |       |       |       |     1 |     1 |       ||     2
       Regeneration      |       |       |       |       |       |       |       |     1 ||     1
Invok: Heroism           |       |       |     1 |     5 |     5 |    12 |    16 |     7 ||    46
       Finesse           |       |       |       |       |     1 |     7 |     7 |     3 ||    18
 Abil: Evoke Berserk Rag |       |       |       |       |       |     1 |       |       ||     1
Evoke: Wand              |       |       |       |       |     2 |     1 |    10 |       ||    13
       Lamp of fire      |       |       |       |       |       |       |     1 |       ||     1
  Use: Potion            |       |     2 |       |       |     1 |     7 |     3 |       ||    13
       Scroll            |       |     6 |     2 |       |    19 |    15 |     8 |     4 ||    54
 Stab: Sleeping          |     1 |     1 |       |     1 |    30 |    25 |    18 |     4 ||    80
       Distracted        |       |       |       |     6 |     9 |    27 |    30 |     4 ||    76
  Eat: Ration            |     1 |       |     3 |     3 |     5 |     9 |     4 |       ||    25
       Chunk             |     1 |     7 |     5 |    19 |    23 |    23 |    30 |    10 ||   118
Armor: Leather armour    |    13 |    21 |     2 |       |       |       |       |       ||    36
       Robe              |       |       |    75 |    51 |       |       |       |       ||   126
       Steam dragon scal |       |       |       |     9 |    65 |   138 |    71 |       ||   283
       Skin              |       |       |       |       |       |     1 |       |       ||     1
       Fire dragon scale |       |       |       |       |       |       |    77 |    56 ||   133
Dodge: Dodged            |    48 |    51 |   150 |   269 |   278 |   735 |   590 |   109 ||  2230
Block: Buckler           |       |       |    44 |    76 |   103 |   300 |   294 |    80 ||   897
       Reflection        |       |       |       |       |       |       |    11 |    14 ||    25

Table legend:
 A = Spawn XP
 B = Non-spawn XP
 C = Spawn XP percentage of total XP
 D = Spawn monster count
 E = Non-spawn monster count
 F = Spawn count percentage of total count
 G = Total turns spent on level
                    A         B        C        D         E        F      G
               +---------+---------+-------+---------+---------+-------+---------
         Total |       0 |  673843 |   0.0 |       0 |    1633 |   0.0 | 48195
               +---------+---------+-------+---------+---------+-------+---------
           D:1 |       0 |      22 |   0.0 |       0 |      15 |   0.0 |   968
           D:2 |       0 |      58 |   0.0 |       0 |      22 |   0.0 |  1423
           D:3 |       0 |     442 |   0.0 |       0 |      36 |   0.0 |  1315
           D:4 |       0 |     525 |   0.0 |       0 |      20 |   0.0 |  1328
           D:5 |       0 |     155 |   0.0 |       0 |      10 |   0.0 |   742
           D:6 |       0 |    1746 |   0.0 |       0 |      20 |   0.0 |  1224
           D:7 |       0 |    1492 |   0.0 |       0 |      18 |   0.0 |  1084
           D:8 |       0 |     740 |   0.0 |       0 |      13 |   0.0 |  1393
           D:9 |       0 |     851 |   0.0 |       0 |      25 |   0.0 |  1505
          D:10 |       0 |    1499 |   0.0 |       0 |      29 |   0.0 |  1245
          D:11 |       0 |    2546 |   0.0 |       0 |      26 |   0.0 |   902
          D:12 |       0 |    6294 |   0.0 |       0 |      43 |   0.0 |   622
          D:13 |       0 |    7179 |   0.0 |       0 |      23 |   0.0 |   903
          D:14 |       0 |   33574 |   0.0 |       0 |      90 |   0.0 |  1805
          D:15 |       0 |   18555 |   0.0 |       0 |      51 |   0.0 |  1198
        Lair:1 |       0 |    6908 |   0.0 |       0 |      29 |   0.0 |  1773
        Lair:2 |       0 |    6365 |   0.0 |       0 |      23 |   0.0 |  1249
        Lair:3 |       0 |    6343 |   0.0 |       0 |      24 |   0.0 |  1037
        Lair:4 |       0 |    9239 |   0.0 |       0 |      37 |   0.0 |  1132
        Lair:5 |       0 |    5060 |   0.0 |       0 |      19 |   0.0 |  1208
        Lair:6 |       0 |   28279 |   0.0 |       0 |      66 |   0.0 |  1376
       Swamp:1 |       0 |   15339 |   0.0 |       0 |      35 |   0.0 |   669
       Swamp:2 |       0 |   10068 |   0.0 |       0 |      32 |   0.0 |   794
       Swamp:3 |       0 |    9437 |   0.0 |       0 |      27 |   0.0 |   819
       Swamp:4 |       0 |   18223 |   0.0 |       0 |      47 |   0.0 |  1213
       Snake:1 |       0 |   22955 |   0.0 |       0 |      40 |   0.0 |  1089
       Snake:2 |       0 |   22585 |   0.0 |       0 |      33 |   0.0 |  1727
       Snake:3 |       0 |   28831 |   0.0 |       0 |      46 |   0.0 |  1029
       Snake:4 |       0 |   58881 |   0.0 |       0 |     108 |   0.0 |  1442
         Orc:1 |       0 |    3183 |   0.0 |       0 |      47 |   0.0 |   662
         Orc:2 |       0 |   20044 |   0.0 |       0 |     155 |   0.0 |  1957
      Vaults:1 |       0 |   30953 |   0.0 |       0 |      56 |   0.0 |   979
      Vaults:2 |       0 |   33642 |   0.0 |       0 |      67 |   0.0 |  1234
      Vaults:3 |       0 |   33774 |   0.0 |       0 |      52 |   0.0 |  1469
      Vaults:4 |       0 |   62946 |   0.0 |       0 |      68 |   0.0 |  1865
      Depths:1 |       0 |   53171 |   0.0 |       0 |      46 |   0.0 |  1591
      Depths:2 |       0 |   67792 |   0.0 |       0 |      71 |   0.0 |  1415
      Depths:3 |       0 |   31684 |   0.0 |       0 |      38 |   0.0 |  1490
      Depths:4 |       0 |    6947 |   0.0 |       0 |       6 |   0.0 |    68
         IceCv |       0 |    5516 |   0.0 |       0 |      20 |   0.0 |   922
               +---------+---------+-------+---------+---------+-------+---------

Vault maps used:
D:1:      lightli_arrival_boilingwater, minmay_misc_feat_tower,
          dk_noncrumbling_4
D:2:      overflow_temple_1_default, overflow_temple_1_default, first_ration
D:3:      kennysheep_goblin_castle, kennysheep_generic_room_7
D:4:      serial_shops, shop_statue, nicolae_shop_window_shopping,
          portal_sewer_entry_a, uniq_grinder
D:5:      minmay_holes
D:6:      minmay_temple_entry_grid, uniq_sigmund, uniq_duvessa, uniq_pikel
D:7:      lemuel_crystal_altar, lemuel_doored_altar, grunt_livestock,
          wad_floor_pattern_2, kennysheep_opposing_triangles
D:8:      minmay_lair_entry_lava, minmay_fountain_box
D:9:      basic_altar, nicolae_qazlal_style_of_elements
D:11:     serial_shops, nicolae_shop_behind_doors
D:12:     orc_0_dummy, serial_shops, kennysheep_little_box, worms_lemuel
D:13:     grunt_ministairs_12
D:14:     minmay_concentric_multi, erik_vaults_1, nicolae_trove_entry_columns,
          special_room
D:15:     grunt_enter_depths_magical_seal, serial_park_tiny_2, basic_altar,
          minmay_misc_feat_enclosed
Temple:   compressed_dpeg_circular_temple
Lair:1:   lab_entry_generic, small_statue_intersection,
          hangedman_lair_generics_rect
Lair:2:   beast_lair_carwin_10, serial_bayou_shore_b, serial_bayou_shore_a
Lair:3:   swamp_mist_pool, guppyfry_snake_entry_island, uniq_nergalle
Lair:4:   portal_ice_cave_entry_imps, uniq_kirke
Lair:5:   slime_altar_2
Lair:6:   evilmike_catoblepas_cave, grunt_megastairs_4
Swamp:1:  infiniplex_staircase_pool, swamp_pool1, st_swamp_ruins_3
Swamp:2:  evilmike_swamp_ruin_house_1
Swamp:3:  evilmike_swamp_ruin_house_4
Swamp:4:  swamp_icy, swamp_pool1, hangedman_swamp_lotus, hangedman_swamp_pad
Snake:1:  serial_shops, nicolae_shop_overgrown_old_shop, shop_fountains, shop,
          nicolae_shop_temple_entry_statues_fountains, spider_trap, uniq_aizul,
          uniq_roxanne, uniq_asterion
Snake:2:  serial_shops, nicolae_shop_statue_plus, uniq_agnes
Snake:3:  basic_altar, serial_shops, bzr_entry_islet, statue_in_the_mist_lemuel,
          uniq_vashnia
Snake:4:  johnstein_snake_rune_scales, spider_trap, uniq_mara
Orc:1:    nicolae_orc_accident_3
Orc:2:    pubby_orc_utopia
Vaults:1: vaults_standard_mumra_x, hangedman_vaults_trim,
          hangedman_vaults_nails, nicolae_vaults_diagonal_hallway_8,
          vaults_room_pool, hangedman_vaults_capsules
Vaults:2: vaults_room_fours, hangedman_vaults_pinch, vaults_room_large_hall,
          minmay_crypt_entry_necro_gods, nicolae_vaults_network_quincunx,
          nicolae_vaults_circle_grid_b, vaults_room_hallway,
          vaults_dpeg_diagonal, vaults_dpeg_cross, vaults_room_stairs_pillars,
          v_rooms_3, vaults_room_ringed_pool, vaults_room_door_hall,
          nicolae_vaults_display_case, serial_shops, nicolae_shop_waterfront
Vaults:3: v_pattern_5, nicolae_vaults_little_squares_3, v_misc_11,
          v_alt_pattern_2, nicolae_vaults_rhombus_7,
          nicolae_vaults_diagonal_hallway_7, nicolae_vaults_asterisk,
          v_alt_pattern_1, vaults_room_door_hall
Vaults:4: vaults_room_corners, ontoclasm_vaults_decontamination,
          hangedman_vaults_maws, ontoclasm_vaults_hangar, v_pattern_2,
          v_alt_pattern_4, nicolae_vaults_stairing_the_circle,
          nicolae_vaults_little_squares_4, ontoclasm_vaults_fault, v_misc_27,
          v_misc_24, uniq_margery
Depths:1: hangedman_cross_veins, hell_entry, abyss_entry, minmay_misc_feat_five,
          kb_rosetta, minmay_shop_grove
Depths:2: cheibrodos_cascadia, hell_entry, minmay_misc_feat_roman,
          minmay_guarded_unrand_wrath_of_trog, infiniplex_staircase_9_rooms,
          uniq_bai_suzhen
Depths:3: wad_mega_maze, pan_entry, serial_shops, bzr_entry_gold, hell_entry,
          hangedman_decor_peaks_small, infiniplex_staircase_split_hallway
Depths:4: gammafunk_sealed_library, enter_ziggurat_e, grunt_pan_entry_spiral,
          abyss_entry_flame_altar, hell_entry, kennysheep_doodads, serial_glass,
          glass_columns_b, glass_columns_a, glass_columns_b, glass_columns_a,
          uniq_boris
Bazaar:   bazaar_minmay_generic_box, bazaar_jpeg_honeycomb
IceCv:    ice_cave_small_dragons

Table legend:
 A = Turns spent in this place as a percentage of turns spent in the entire game.
 B = Non-inter-level travel turns spent in this place as a percentage of non-inter-level travel turns spent in the entire game.
 C = Inter-level travel turns spent in this place as a percentage of turns spent in this place.
 D = Turns resting spent in this place as a percentage of non-inter-level travel turns spent in this place.
 E = Turns spent auto-exploring this place as a percentage of non-inter-level travel turns spent in this place.
 F = Non-inter-level travel turns spent in this place divided by the number of levels of this place that you've seen.
                   A       B       C       D       E      F
               +-------+-------+-------+-------+-------+----------------------
         Total | 100.0 | 100.0 |   5.8 |  24.7 |  51.1 | 1032.0
       Dungeon |  36.6 |  35.6 |   8.6 |  22.9 |  56.1 | 1076.4
        Temple |   0.2 |   0.2 |  10.0 |  62.0 |  32.4 | 108.0
          Lair |  16.1 |  16.1 |   5.8 |  27.1 |  53.3 | 1220.8
         Swamp |   7.3 |   7.3 |   5.7 |  22.4 |  49.9 | 824.0
     Snake Pit |  11.0 |  11.3 |   3.3 |  30.7 |  43.7 | 1277.5
  Orcish Mines |   5.4 |   5.5 |   3.8 |  22.5 |  47.3 | 1260.0
        Vaults |  11.5 |  11.7 |   4.3 |  22.2 |  51.2 | 1062.4
        Depths |   9.5 |   9.8 |   2.2 |  18.9 |  51.1 | 1116.2
        Bazaar |   0.4 |   0.5 |   0.0 |  18.9 |  40.3 | 103.0
      Ice Cave |   1.9 |   2.0 |   0.0 |  56.0 |   7.2 | 922.0
               +-------+-------+-------+-------+-------+----------------------

Table legend:
 A = Kills in this place as a percentage of kills in entire the game.
 B = Kills by you in this place as a percentage of kills by you in the entire game.
 C = Kills by friends in this place as a percentage of kills by friends in the entire game.
 D = Other kills in this place as a percentage of other kills in the entire game.
 E = Experience gained in this place as a percentage of experience gained in the entire game.
 F = Experience gained in this place divided by the number of levels of this place that you have seen.
                   A       B       C       D       E      F
               +-------+-------+-------+-------+-------+----------------------
         Total | 100.0 | 100.0 |   N/A | 100.0 | 100.0 | 15314.6
       Dungeon |  27.0 |  27.1 |   N/A |  11.1 |  11.2 | 5045.2
          Lair |  12.1 |  12.2 |   N/A |   0.0 |   9.2 | 10365.7
         Swamp |   8.6 |   8.7 |   N/A |   0.0 |   7.9 | 13266.8
     Snake Pit |  13.9 |  13.9 |   N/A |  11.1 |  19.8 | 33313.0
  Orcish Mines |  12.4 |  12.4 |   N/A |   0.0 |   3.4 | 11613.5
        Vaults |  14.9 |  14.8 |   N/A |  33.3 |  23.9 | 32263.0
        Depths |   9.9 |   9.7 |   N/A |  44.4 |  23.7 | 39898.5
      Ice Cave |   1.2 |   1.2 |   N/A |   0.0 |   0.8 | 5516.0
               +-------+-------+-------+-------+-------+----------------------
